 Dungeon Crawl Stone Soup version 0.28.0-45-g0d030f2227 (webtiles) character file.

Game seed: 7937117428641811501

367 seaoflcl the Skirmisher (level 7, -11/52 HPs)
             Began as a Djinni Fighter on Apr 25, 2022.
             Mangled by an ogre
             ... wielding a +0 giant club
              (23 damage)
             ... on level 4 of the Dungeon.
             The game lasted 00:05:45 (4725 turns).

seaoflcl the Skirmisher (Djinni Fighter)            Turns: 4725, Time: 00:05:46

Health: -11/52     AC: 14    Str: 17    XL:     7   Next: 1%
Gold:   79         EV:  6    Int:  9    God:
                   SH:  5    Dex: 13

rFire   + + +      SeeInvis .   a - +0 long sword
rCold   x . .      Faith    .   c - +0 buckler
rNeg    . . .      Spirit   .   i - +0 chain mail
rPois   ∞          Reflect  .   (no helmet)
rElec   .          Harm     .   e - +0 cloak
rCorr   .          Rampage  .   (no gloves)
Will    .....                   (boots unavailable)
Stlth   ..........              (no amulet)
HPRegen 0.17/turn               d - +4 ring of protection
MPRegen 0.00/turn               o - ring of protection from fire

@: flying
A: sickness immunity, fire resistance 2, cold vulnerability 1, float, innate
caster, HP casting, extra vitality 1
a: no special abilities


You were on level 4 of the Dungeon.
You visited 1 branch of the dungeon, and saw 4 of its levels.

You collected 79 gold pieces.

Inventory:

Hand Weapons
 a - a +0 long sword (weapon)
Missiles
 f - 109 stones (quivered)
Armour
 c - a +0 buckler (worn)
 e - a +0 cloak (worn)
 i - a +0 chain mail (worn)
Jewellery
 d - a +4 ring of protection (left hand)
 n - a ring of resist corrosion
 o - a ring of protection from fire (right hand)
Scrolls
 g - 3 scrolls of identify {unknown}
 h - a scroll of immolation {unknown}
 j - a scroll of brand weapon {unknown}
 k - a scroll of fog {unknown}
 m - a scroll of teleportation {unknown}
Potions
 l - a potion of haste {unknown}


   Skills:
 + Level 4.2 Fighting
 + Level 3.1 Long Blades
 + Level 4.1 Armour
 + Level 4.2 Shields
 + Level 1.9 Spellcasting


You had 3 spell levels left.
You knew the following spells:

 Your Spells              Type           Power      Damage    Failure   Level
a - Magic Dart            Conj           16%        1d3       96%         1
b - Ensorcelled Hibernat  Hex/Ice        8%         N/A       99%         2
c - Frozen Ramparts       Ice            8%         1d2       100%        3
Your spell library was empty.


Dungeon Overview and Level Annotations

Branches:
Dungeon (4/15)
 Temple: D:4-7

Altars:

Shops:
D:2 (

Annotations:
D:2 Sigmund
D:4 Edmund


Innate Abilities, Weirdness & Mutations

You are immune to sickness and miasma.
You are immune to poison.
Your flesh is very heat resistant. (rF++)
You are vulnerable to cold. (rC-)
You float through the air rather than walking.
You learn spells naturally, not from books.
Your magical power is your life essence.
You have superior vitality. (+4 MHP)


Message History

An ogre comes into view. It is wielding a +0 giant club.
The ogre shouts!
You hit Edmund.
Edmund is moderately wounded.
Edmund hits you with a +5 flail of holy wrath.
Edmund hits you but does no damage.
You closely miss Edmund.
Edmund is moderately wounded.
Edmund hits you with a +5 flail of holy wrath.
You barely miss Edmund.
Edmund is moderately wounded.
Edmund barely misses you.
You hit Edmund but do no damage.
Edmund is moderately wounded.
Edmund hits you with a +5 flail of holy wrath!
Edmund hits you with a +5 flail of holy wrath.
You feel much better.
Edmund hits you with a +5 flail of holy wrath!
You hit Edmund.
Edmund is moderately wounded.
Edmund hits you with a +5 flail of holy wrath!
You slash the ogre!
The ogre is moderately wounded.
The ogre hits you with a +0 giant club.
You hit the ogre.
The ogre is heavily wounded.
The ogre hits you with a +0 giant club!
* * * LOW HITPOINT WARNING * * *
You hit the ogre.
The ogre is heavily wounded.
You block the ogre's attack.
There are monsters nearby!
A dart slug comes into view.
The dart slug launches a dart at you.
The slug dart hits you but does no damage.
The dart slug launches a dart at you.
The slug dart hits you but does no damage.
You completely miss the dart slug.
The ogre hits you with a +0 giant club!!
You die...

#.## #####..#.#######.#
#.. .......#.......#.#
#.#######....(.........#
..#.......#.#.######.#
.....?........#..
#.###..####.###.#
.......####.# #.#
...#........###.########
...#.........@.O@w.....#
...#.#..........######.#
...#.#.#######..#
...@.#.# #......#
...###.###......# # ..##
#..........### ##.#
...#########+#..†.#...
.............#.##†#.##.#
....#######..#.#.)....#


You could see Edmund, an ogre and a dart slug.

Vanquished Creatures
  The ghost of seaoflcl the Skirmisher, an amateur HOFi (D:3)
  Terence (D:2)
  An orc wizard (D:3)
  Natasha (thrice) (D:3)
  An iguana (D:4)
  A hound skeleton (D:2)
  3 adders
  An adder skeleton (D:4)
  3 worms
  5 dart slugs
  5 orcs (D:3)
  7 ball pythons
  3 bats
  5 endoplasms
  A giant cockroach (D:1)
  8 goblins
  7 hobgoblins
  4 quokkas
  2 frilled lizards
  4 kobolds
  4 rats
70 creatures vanquished.

Notes
Turn   | Place    | Note
-------+----------+-------------------------------------------
     0 | D:1      | seaoflcl the Djinni Fighter began the quest for the Orb.
     0 | D:1      | Reached XP level 1. HP: 20/20 MP: 0/0
   647 | D:1      | Reached XP level 2. HP: 25/25 MP: 0/0
  1330 | D:1      | Reached XP level 3. HP: 28/30 MP: 0/0
  1330 | D:1      | Learned a level 1 spell: Magic Dart
  1461 | D:1      | Found a faded altar of an unknown god.
  2150 | D:2      | Noticed Terence
  2175 | D:2      | Killed Terence
  2176 | D:2      | Reached XP level 4. HP: 18/35 MP: 0/0
  2182 | D:2      | Reached skill level 1 in Spellcasting
  2571 | D:2      | Found Fiozione's Antique Weapon Shop.
  2930 | D:2      | Noticed Sigmund
  3014 | D:3      | Reached XP level 5. HP: 34/40 MP: 0/0
  3014 | D:3      | Learned a level 2 spell: Ensorcelled Hibernation
  3570 | D:3      | Noticed Natasha
  3579 | D:3      | Killed Natasha
  3824 | D:3      | Noticed Natasha
  3838 | D:3      | Killed Natasha
  3839 | D:3      | Reached XP level 6. HP: 28/47 MP: 0/0
  4156 | D:3      | Noticed Natasha
  4159 | D:3      | Killed Natasha
  4165 | D:3      | Found a runed translucent door.
  4168 | D:3      | Noticed seaoflcl's ghost (amateur HOFi)
  4331 | D:3      | Killed seaoflcl's ghost
  4480 | D:4      | Noticed Edmund
  4665 | D:4      | Reached XP level 7. HP: 46/52 MP: 0/0
  4665 | D:4      | Learned a level 3 spell: Frozen Ramparts
  4725 | D:4      | Mangled by an ogre

Illustrated notes

Levels and vault maps discovered:
D:1:      dpeg_arrival_signposts, layout_basic,
          dreamdust_ecumenical_altar_statues
D:2:      layout_loops_cross, serial_shops, shop, chequers_garden, uniq_sigmund,
          uniq_terence
D:3:      layout_loops_ring, ebering_ghost_reflecting_pool,
          kennysheep_generic_room_13, uniq_natasha
D:4:      layout_basic, portal_sewer_entry_d, uniq_edmund

Skill      XL: |  1  2  3  4  5  6 |
---------------+-------------------+-----
Long Blades    | 2 3 |  3.1
Spellcasting   | 1 |  1.9
Fighting       | 4 |  4.2
Armour         | 4 |  4.1
Shields        | 4 |  4.2

Action                   |  1- 3 |  4- 6 |  7- 9 || total
-------------------------+-------+-------+-------++-------
Melee: Long sword        |   118 |   196 |    19 ||   333
  Use: Potion            |     1 |     1 |     1 ||     3
Armor: Scale mail        |    62 |    34 |       ||    96
       Chain mail        |       |    94 |     7 ||   101
Dodge: Dodged            |    58 |    67 |     5 ||   130
Block: Buckler           |    30 |    51 |     2 ||    83
